[Event "Vezerkepzo GM March 2022"]
[Site "Budapest"]
[Date "2022.03.25"]
[Round "8.2"]
[White "Prraneeth Vuppala"]
[Black "Rathanvel, V S"]
[Result "1/2-1/2"]
[ECO "D24"]
[WhiteElo "2400"]
[BlackElo "2477"]
[Annotator "ChessBase"]
[PlyCount "69"]
[EventDate "2022.03.17"]
[EventType "tourn"]
[EventCountry "HUN"]
[SourceTitle "playchess.com"]
[Source "ChessBase"]
[SourceQuality "1"]
[TimeControl "40/5400+30:1800+30"]

1. d4 Nf6 2. c4 e6 3. Nf3 d5 4. Nc3 dxc4 5. e4 b5 6. e5 Nd5 7. Nxb5 Nb6 8. Be2 Nc6 9. O-O Be7 10. Be3 O-O 11. Qc1 Nb4 12. Nc3 Bb7 13. Rd1 Rc8 14. Nd2 Nd3 15. Qb1 c5 16. Nxc4 Nxc4 17. Bxd3 Nxe3 18. fxe3 Bg5 19. Bxh7+ Kh8 20. Be4 Bxe3+ 21. Kh1 Bxe4 22. Qxe4 cxd4 23. Nb5 Rc5 24. Nxd4 Bxd4 25. Rxd4 Qb8 26. Rd3 Rfc8 27. Rad1 Kg8 28. Rd6 Rc1 29. Qe2 R1c2 30. Rd8+ Rxd8 31. Rxd8+ Qxd8 32. Qxc2 Qa5 33. Qc8+ Kh7 34. Qc2+ Kg8 35. Qc8+ 1/2-1/2

[Event "Vezerkepzo GM March 2022"]
[Site "Budapest"]
[Date "2022.03.25"]
[Round "8.3"]
[White "Vantika Agrawal"]
[Black "Kulkarni Bhakti"]
[Result "0-1"]
[ECO "D11"]
[WhiteElo "2381"]
[BlackElo "2388"]
[Annotator "NA"]
[PlyCount "110"]
[EventDate "2022.03.17"]
[EventType "tourn"]
[EventCountry "HUN"]
[SourceTitle "playchess.com"]
[Source "ChessBase"]
[SourceQuality "1"]
[TimeControl "40/5400+30:1800+30"]

1. d4 d5 2. c4 c6 3. Nf3 Nf6 4. e3 Bg4 5. h3 Bxf3 6. Qxf3 e6 7. Bd3 Nbd7 8. O-O Bd6 9. Nc3 O-O 10. e4 dxc4 11. Bxc4 e5 12. d5 Nb6 13. Bd3 h6 14. dxc6 bxc6 15. Rd1 Qe7 16. Ne2 Rfd8 17. Ng3 Qe6 18. Bc2 c5 19. a4 Rab8 20. a5 Na8 21. Nf5 Bf8 22. Rxd8 Rxd8 23. Ra4 Rb8 24. b3 Nc7 25. Qg3 Kh7 26. Bb2 Nd7 27. f4 f6 28. Nh4 g5 29. fxg5 fxg5 30. Nf5 Nb5 31. Rc4 Nd6 32. Rc3 Nb5 33. Rf3 Nd4 34. Bxd4 cxd4 35. h4 gxh4 36. Qxh4 Bc5 37. Bd3 Rxb3 38. Nxh6 Qxh6 39. Rf7+ Kg6 40. Qg4+ Kxf7 41. Qxd7+ Kf6 42. Qc6+ Kg5 43. Qxc5 Qf6 44. Qc4 Rc3 45. Qg8+ Kh6 46. g3 Rxd3 47. Qg4 Rxg3+ 48. Qxg3 Qg5 49. Kf2 Qxg3+ 50. Kxg3 a6 51. Kg4 Kg6 52. Kf3 Kh5 53. Kg3 Kg5 54. Kf3 Kh4 55. Ke2 Kg3 0-1

[Event "Vezerkepzo GM March 2022"]
[Site "Budapest"]
[Date "2022.03.26"]
[Round "9.3"]
[White "Kulkarni Bhakti"]
[Black "Varga, Zoltan"]
[Result "0-1"]
[ECO "D12"]
[WhiteElo "2388"]
[BlackElo "2390"]
[Annotator "ChessBase"]
[PlyCount "86"]
[EventDate "2022.03.17"]
[EventType "tourn"]
[EventCountry "HUN"]
[SourceTitle "playchess.com"]
[Source "ChessBase"]
[SourceQuality "1"]
[TimeControl "40/5400+30:1800+30"]

1. d4 d5 2. Nf3 c6 3. e3 Bf5 4. c4 e6 5. Nc3 Nd7 6. Bd3 Bxd3 7. Qxd3 Bb4 8. O-O Ngf6 9. Bd2 Bxc3 10. Bxc3 O-O 11. Nd2 c5 12. dxc5 Nxc5 13. Qd4 Rc8 14. Rfd1 b6 15. Qf4 Nd3 16. Qf3 dxc4 17. Nxc4 Rxc4 18. Qe2 Ne4 19. Be1 Nec5 20. b4 Qh4 21. f4 Nxe1 22. Qxc4 Ncd3 23. Rd2 Qg4 24. Qe4 e5 25. a4 exf4 26. exf4 Qe6 27. Re2 Qxe4 28. Rxe4 Nc2 29. Rd1 Ncxb4 30. Re7 a5 31. Rb7 Nb2 32. Ra1 Nd5 33. g3 g6 34. Ra2 Nd3 35. Rd2 Nc5 36. Ra7 Nc3 37. Rd6 N5xa4 38. Rc6 Ne4 39. Kg2 Nec5 40. f5 gxf5 41. Rf6 Ne6 42. Rxf5 Nac5 43. g4 a4 0-1